 Dungeon Crawl Stone Soup version 0.19-a0-1176-g1ecfaa6 (webtiles) character file.

266 Hanibal the Shield-Bearer (level 6, -1/51 HPs)
             Began as a Formicid Fighter on Aug 17, 2016.
             Slain by a river rat (3 damage)
             ... on level 3 of the Dungeon.
             The game lasted 00:04:03 (2352 turns).

Hanibal the Shield-Bearer (Formicid Fighter)        Turns: 2352, Time: 00:04:04

Health: -1/51      AC:  8    Str: 20    XL:     6   Next: 44%
Magic:  6/6        EV:  8    Int: 13    God:
Gold:   114        SH: 10    Dex: 12    Spells: 0 memorised, 5 levels left

rFire  . . .     SeeInvis +     a - +0 flail
rCold  . . .     Gourm    .     b - +0 scale mail
rNeg   . . .     Faith    .     c - +0 shield
rPois  .         Spirit   .     (helmet unavailable)
rElec  .         Dismiss  .     g - +0 cloak
rCorr  .         Reflect  .     (no gloves)
MR     .....     Harm     .     (no boots)
Stlth  ..........               (no amulet)
                                (no ring)
                                (no ring)

@: brilliant
A: permanent stasis, dig shafts and tunnels, four strong arms, antennae 3
a: Dig, Shaft Self


You were on level 3 of the Dungeon.
You were very hungry.

You visited 1 branch of the dungeon, and saw 3 of its levels.

You collected 114 gold pieces.

Inventory:

Hand Weapons
 a - a +0 flail (weapon)
Armour
 b - a +0 scale mail (worn)
 c - a +0 shield (worn)
 g - a +0 cloak (worn)
 i - a +0 ring mail
Jewellery
 k - a +1 ring of evasion {unknown}
 p - an uncursed ring of ice {unknown}
 s - an uncursed ring of magical power {unknown}
Wands
 u - a wand of iceblast (10/15)
Scrolls
 d - a scroll of teleportation {unknown}
 h - 3 scrolls of identify {unknown}
 j - a scroll of noise {unknown}
 o - 2 scrolls of amnesia {unknown}
Potions
 e - 2 potions of brilliance
 l - 2 potions of lignification {unknown}
 m - 2 potions of curing {unknown}
 n - a potion of mutation {unknown}
 q - a potion of degeneration {unknown}
 t - a potion of heal wounds {unknown}
Comestibles
 f - 2 bread rations
 r - a beef jerky
 v - a chunk of flesh


   Skills:
 + Level 5.0 Fighting
 + Level 4.0 Maces & Flails
 - Level 3.2 Armour
 + Level 5.5 Shields


You had 5 spell levels left.
You didn't know any spells.

Dungeon Overview and Level Annotations

Branches:
Dungeon (3/15)

Altars:
Elyvilon

Portals:
Sewer: D:3


Innate Abilities, Weirdness & Mutations

You are under a permanent stasis effect.
You can dig through walls and to a lower floor.
Your four strong arms can wield two-handed weapons with a shield.
You have a pair of large antennae on your head. (SInv)


Message History

You see here an adder skeleton.
A rat, a river rat and a giant cockroach come into view.
You are too injured to fight recklessly!
You are too injured to fight recklessly!
You are too injured to fight recklessly!
You are too injured to fight recklessly!
You sock the river rat!
The river rat is severely wounded.
The river rat bites you!
* * * LOW HITPOINT WARNING * * *
You closely miss the river rat.
The river rat is severely wounded.
The giant cockroach bites you but does no damage.
The river rat bites you!
* * * LOW HITPOINT WARNING * * *
You block the giant cockroach's attack.
It was a potion of brilliance.
You feel clever all of a sudden. The river rat bites you.
You die...

#.#### .... ...
####.#### ....####..
#.......# .........#
#..#.##.# .......(.#
#..#.##.# ...≈≈≈...#####
#..#.##. ..≈≈≈≈≈......#
#..#.##.
..≈≈∩≈rs..##.###..#.##.#
..≈≈≈≈r@...÷..##.......#
...≈≈≈...##†........###.
.........##...####### #.
.............## #####.
############## #.....
#.###. #.#... #.#.##
#.#(##


You could see a river rat, a giant cockroach and a rat.

Vanquished Creatures
  A giant frog skeleton (D:3)
  3 orc wizards (D:3)
  Ijyb (D:2)
  A gnoll (D:1)
  4 adders
  2 river rats (D:3)
  An ooze (D:1)
  A worm (D:2)
  2 dart slugs
  A giant gecko (D:1)
  An orc (D:3)
  5 giant cockroaches
  8 goblins
  6 hobgoblins
  2 quokkas (D:3)
  A ball python (D:3)
  8 bats
  A giant newt (D:1)
  5 kobolds
  8 rats
62 creatures vanquished.

Notes
Turn   | Place    | Note
-------+----------+-------------------------------------------
     0 | D:1      | Hanibal the Formicid Fighter began the quest for the Orb.
     0 | D:1      | Reached XP level 1. HP: 18/18 MP: 1/1
    11 | D:1      | Reached XP level 2. HP: 10/24 MP: 2/2
   386 | D:1      | Reached XP level 3. HP: 28/30 MP: 3/3
  1202 | D:2      | Noticed Ijyb
  1210 | D:2      | Killed Ijyb
  1210 | D:2      | Reached XP level 4. HP: 36/37 MP: 4/4
  1378 | D:2      | Found a white marble altar of Elyvilon.
  1723 | D:3      | Reached XP level 5. HP: 36/42 MP: 5/5
  1744 | D:3      | Reached skill level 5 in Shields
  2050 | D:3      | Reached XP level 6. HP: 46/50 MP: 6/6
  2307 | D:3      | Reached skill level 5 in Fighting
  2337 | D:3      | Found a glowing drain.
  2351 | D:3      | HP: 2/51 [river rat (7)]
  2352 | D:3      | Slain by a river rat

Vault maps used:
D:1:      dpeg_arrival_arbitrary_c
D:2:      lemuel_doored_altar, uniq_iyjb
D:3:      portal_sewer_entry_a

Skill      XL: |  1  2  3  4  5  6 |
---------------+-------------------+-----
Shields        | 4 5 |  5.5
Fighting       | 4 5 |  5.0
Maces & Flails | 3 4 |  4.0
Armour         | |  3.2

Action                   |  1- 3 |  4- 6 || total
-------------------------+-------+-------++-------
Melee: Flail             |    69 |   186 ||   255
  Use: Potion            |       |     2 ||     2
  Eat: Chunk             |       |     4 ||     4
Armor: Scale mail        |    30 |   139 ||   169
Dodge: Dodged            |    32 |    93 ||   125
Block: Shield            |    36 |   144 ||   180
